 Dungeon Crawl Stone Soup version 0.29-a0-542-g075992c915 (webtiles) character file.

Game seed: 17050585579142372051

78 KateP the Covered (level 4, 0/41 HPs)
             Began as a Minotaur Fighter on June 3, 2022.
             Slain by Grinder (2 damage)
             ... while paralysed by Grinder
             ... on level 3 of the Dungeon.
             The game lasted 00:02:16 (2258 turns).

KateP the Covered (Minotaur Fighter)                Turns: 2258, Time: 00:02:17

Health: 0/41       AC:  7    Str: 22    XL:     4   Next: 15%
Magic:  3/3        EV:  2    Int:  5    God:
Gold:   161        SH:  0    Dex: 10    Spells: 3/3 levels left

rFire   . . .      SeeInvis .   a - +0 long sword
rCold   . . .      Faith    .   c - +0 buckler
rNeg    . . .      Spirit   .   b - +0 scale mail
rPois   .          Reflect  .   (helmet restricted)
rElec   .          Harm     .   (no cloak)
rCorr   .          Rampage  .   (no gloves)
Will    .....                   (no boots)
Stlth   ..........              (no amulet)
HPRegen 0.13/turn               (no ring)
MPRegen 0.08/turn               (no ring)

@: paralysed, mighty
A: horns 2, retaliatory headbutt
a: no special abilities


You were on level 3 of the Dungeon.
You visited 1 branch of the dungeon, and saw 3 of its levels.

You collected 161 gold pieces.

Inventory:

Hand Weapons
 a - a +0 long sword (weapon)
Armour
 b - a +0 scale mail (worn)
 c - a +0 buckler (worn)
Jewellery
 l - a ring of flight
Scrolls
 f - 3 scrolls of identify {unknown}
 g - a scroll of vulnerability {unknown}
 i - a scroll of fog {unknown}
 j - 3 scrolls of enchant weapon {unknown}
 k - a scroll of poison {unknown}
 o - a scroll of silence {unknown}
Potions
 e - a potion of curing {unknown}
 h - a potion of magic {unknown}
 m - a potion of heal wounds {unknown}
 n - a potion of cancellation {unknown}


   Skills:
 + Level 4.3 Fighting
 * Level 4.2 Long Blades
 + Level 4.3 Armour
 - Level 3.6 Shields


You had 3 spell levels left.
You didn't know any spells.
Your spell library contained the following spells:

 Spells                   Type           Power      Damage    Failure   Level
 Gell's Gravitas          Tloc           0%         N/A       99%         3
 Ignite Poison            Fire/Tmut/Pois 0%         N/A       99%         3
 Mephitic Cloud           Conj/Pois/Air  0%         N/A       99%         3
 Teleport Other           Tloc           0%         N/A       99%         3
 Freezing Cloud           Conj/Ice/Air   0%         6-21      100%        5
 Dispersal                Tloc           0%         N/A       100%        6


Dungeon Overview and Level Annotations

Branches:
Dungeon (3/15)

Altars:
Zin

Annotations:
D:3 Grinder


Innate Abilities, Weirdness & Mutations

You have a pair of horns on your head.
You reflexively headbutt those who attack you in melee.


Message History

The ball python barely misses you. The ball python grabs you.
The ball python constricts you.
A ball python is nearby!
You barely miss the ball python. You headbutt the ball python.
You kill the ball python!
Grinder comes into view.
Grinder shouts!
Grinder is nearby!
Grinder is nearby!
Grinder hits you.
Grinder is nearby!
You closely miss Grinder. Your headbutt misses Grinder. Grinder hits you!
You writhe in agony.
Grinder is nearby!
You barely miss Grinder. Grinder hits you.
You slash Grinder!
Grinder is lightly wounded.
Grinder gestures at you. You resist with significant effort.
You hit Grinder.
Grinder is moderately wounded.
Grinder barely misses you.
You hit Grinder but do no damage. You headbutt Grinder, but do no damage.
Grinder is moderately wounded.
Grinder hits you. You block Grinder's attack.
You are too injured to fight recklessly!
You feel very mighty all of a sudden. Grinder barely misses you.
You completely miss Grinder. You headbutt Grinder, but do no damage.
Grinder is moderately wounded.
Grinder hits you.
You writhe in agony.
* * * LOW HITPOINT WARNING * * *
You slash Grinder!
Grinder is heavily wounded.
Grinder gestures at you.
You suddenly lose the ability to move!
Grinder hits you!
* * * LOW HITPOINT WARNING * * *
You writhe in agony.
You die...

#.#...#.#####.#
#...#..)......#
###...#.#######
##.##.......#
#......###.#
####.#.###.#
#....##.#
#.....#.#####.#
#......@5......
#.....#########
##...## ##.##
#.. ###


You could see Grinder.

Vanquished Creatures
  2 adders
  2 worms (D:2)
  2 dart slugs (D:2)
  2 endoplasms
  3 giant cockroaches (D:1)
  5 goblins
  5 hobgoblins
  5 jackals (D:2)
  A quokka (D:1)
  4 ball pythons
  4 bats
  3 frilled lizards
  6 kobolds
  2 rats
46 creatures vanquished.

Vanquished Creatures (others)
  3 plants (D:2)
3 creatures vanquished.

Grand Total: 49 creatures vanquished

Notes
Turn   | Place    | Note
-------+----------+-------------------------------------------
     0 | D:1      | KateP the Minotaur Fighter began the quest for the Orb.
     0 | D:1      | Reached XP level 1. HP: 19/19 MP: 0/0
   290 | D:1      | Reached XP level 2. HP: 23/27 MP: 1/1
   444 | D:1      | Found a faded altar of an unknown god.
   573 | D:2      | Found a glowing silver altar of Zin.
   880 | D:2      | Reached XP level 3. HP: 6/33 MP: 2/2
  2115 | D:3      | Reached XP level 4. HP: 41/41 MP: 3/3
  2246 | D:3      | Noticed Grinder
  2257 | D:3      | Paralysed by Grinder for 3 turns
  2258 | D:3      | HP: 2/41 [Grinder (8)]
  2258 | D:3      | Slain by Grinder

Illustrated notes

Levels and vault maps discovered:
D:1:      beargit_arrival_greenhouse, layout_rooms,
          ebering_ecumenical_altar_mist, st_stairs_8
D:2:      minmay_alternating_diamond, layout_basic, basic_altar,
          serial_bayou_lagoon_a
D:3:      layout_loops_ring, kennysheep_generic_room_7, uniq_grinder,
          uniq_sigmund

Skill      XL: |  1  2  3 |
---------------+----------+-----
Long Blades    | 3 4 |  4.2
Armour         | 4 |  4.3
Fighting       | 4 |  4.3
Shields        | |  3.6

Action                   |  1- 3 |  4- 6 || total
-------------------------+-------+-------++-------
Melee: Long sword        |    86 |    14 ||   100
       Headbutt          |    13 |     3 ||    16
  Use: Potion            |       |     1 ||     1
Armor: Scale mail        |    45 |     3 ||    48
Dodge: Dodged            |    66 |     7 ||    73
Block: Buckler           |    22 |     4 ||    26

Table legend: (Time is in decaauts)
 A = Elapsed time spent in this place.
 B = Non-inter-level travel time spent in this place.
 C = Inter-level travel time spent in this place.
 D = Time resting spent in this place.
 E = Time spent auto-exploring this place.
 F = Levels seen in this place.
 G = Mean time per level.
                   A        B        C        D        E       F      G
               +--------+--------+--------+--------+--------+-----+--------+
         Total |   2291 |   2291 |      0 |    222 |   1681 |   3 |  763.7 |
       Dungeon |   2291 |   2291 |      0 |    222 |   1681 |   3 |  763.7 |
               +--------+--------+--------+--------+--------+-----+--------+

Top non-repeatable levels by time:
     D:2: 1523 daAuts
     D:1: 575 daAuts
     D:3: 192 daAuts
